 Dungeon Crawl Stone Soup version 0.28-a0-1033-g1a2f33fa85 (webtiles) character file.

Game seed: 3604350605597890811

102645 bearlyready the Thaumaturge (level 16, -3/124 HPs)
             Began as a Gnoll Venom Mage on Dec 7, 2021.
             Was an Initiate of Gozag.
             Slain by a bunyip (25 damage)
             ... on level 2 of the Swamp on Dec 8, 2021.
             The game lasted 01:32:28 (36542 turns).

bearlyready the Thaumaturge (Gnoll Venom Mage)     Turns: 36542, Time: 01:32:28

Health: -3/124     AC: 18    Str: 11    XL:     16   Next: 33%
Magic:  0/28       EV: 17    Int: 32    God:    Gozag
Gold:   7781       SH:  0    Dex: 18    Spells: 2/38 levels left

rFire   + . .      SeeInvis .   D - +3 eveningstar (protect)
rCold   . . .      Faith    .   (no shield)
rNeg    + + .      Spirit   +   U - +2 ring mail {rF+}
rPois   +          Reflect  .   P - +1 helmet
rElec   +          Harm     +   t - +1 cloak {rCorr}
rCorr   +          Rampage  .   v - +0 pair of gloves
Will    ++...                   M - +1 pair of boots of Dogma {Will+ Str+4 Slay+4}
Stlth   +++.......              A - amulet "Beonoabod" {Spirit Harm rElec Dex+4}
HPRegen 0.30/turn               r - ring "Veuxieh" {rPois rN+ Str+2 Int+4 Stlth+}
MPRegen 0.21/turn               m - ring of the Serpent {rN+ Int+6 Stlth+}

@: gold aura, hasted, quick
A: fangs 1, strong nose, distributed training, low mp 1, weak 1
a: Renounce Religion, Potion Petition, Call Merchant, Bribe Branch


You were on level 2 of the Swamp.
You worshipped Gozag.
Gozag was greatly pleased with you.
You visited 4 branches of the dungeon, and saw 25 of its levels.
You also visited: Trove, Sewer and Ice Cave.

You collected 8138 gold pieces.
You spent 273 gold pieces at shops.
You paid 84 gold pieces to Gozag.

Inventory:

Hand Weapons
 D - a +3 eveningstar of protection (weapon)
Missiles
 y - a throwing net
 z - 15 javelins
 B - 7 curare-tipped darts
 C - 12 boomerangs (quivered)
 L - 110 poisoned darts
 T - 2 silver javelins
Armour
 t - a +1 cloak of preservation (worn)
 v - a +0 pair of gloves (worn)
 M - the +1 pair of boots of Dogma (worn) {Will+ Str+4 Slay+4}
   (You found it on level 11 of the Dungeon)

   Str:       It affects your strength (+4).
   Slay:      It affects your accuracy & damage with ranged weapons and melee
   (+4).
   Will:      It increases your willpower.
 P - a +1 helmet (worn)
 U - a +2 ring mail of fire resistance (worn)
 Z - a scarf of resistance
Jewellery
 h - a +4 ring of slaying
 m - the ring of the Serpent (right hand) {rN+ Int+6 Stlth+}
   (You found it in a treasure trove)

   [ring of intelligence]

   Int:       It affects your intelligence (+6).
   rN:        It protects you from negative energy.
   Stlth:     It makes you more stealthy.
 r - the ring "Veuxieh" (left hand) {rPois rN+ Str+2 Int+4 Stlth+}
   (You found it in a treasure trove)

   [ring of poison resistance]

   Str:       It affects your strength (+2).
   Int:       It affects your intelligence (+4).
   rPois:     It protects you from poison.
   rN:        It protects you from negative energy.
   Stlth:     It makes you more stealthy.
 A - the amulet "Beonoabod" (around neck) {Spirit Harm rElec Dex+4}
   (You found it in a treasure trove)

   [amulet of guardian spirit]

   It causes incoming damage to be divided between your reserves of health and
   magic.
   Dex:       It affects your dexterity (+4).
   rElec:     It insulates you from electricity.
   Harm:      It increases damage dealt and taken.
 E - the ring of Perfectionism {rPois Int+7 Slay-2 SInv}
   (You found it in a treasure trove)

   [ring of poison resistance]

   Int:       It affects your intelligence (+7).
   Slay:      It affects your accuracy & damage with ranged weapons and melee
   (-2).
   rPois:     It protects you from poison.
   SInv:      It lets you see invisible.
 K - an amulet of regeneration
Wands
 a - a wand of polymorph (4)
 u - a wand of mindburst (2)
 W - a wand of iceblast (5)
 X - a wand of flame (29)
 Y - a wand of acid (4)
Scrolls
 g - a scroll of torment
 k - 2 scrolls of enchant armour
 p - 2 scrolls of amnesia
 q - 6 scrolls of immolation
 w - 4 scrolls of magic mapping
 x - 3 scrolls of fog
 Q - a scroll of holy word
 R - 8 scrolls of teleportation
 S - 6 scrolls of identify
Potions
 c - 11 potions of curing
 d - 2 potions of magic
 f - a potion of flight
 i - 3 potions of invisibility
 j - 5 potions of haste
 l - 8 potions of might
 o - 2 potions of berserk rage
 s - 9 potions of cancellation
 F - 5 potions of ambrosia
 G - 7 potions of mutation
 H - 8 potions of heal wounds
 I - 5 potions of lignification
 J - 8 potions of attraction
 N - 5 potions of brilliance
 V - 3 potions of resistance
Miscellaneous
 n - a tin of tremorstones (1/2)


   Skills:
 + Level 10.8 Fighting
 + Level 10.8 Short Blades
 + Level 10.8 Long Blades
 + Level 10.8 Axes
 + Level 10.8 Maces & Flails
 + Level 10.8 Polearms
 + Level 10.8 Staves
 + Level 10.8 Slings
 + Level 10.8 Bows
 + Level 10.8 Crossbows
 + Level 10.8 Throwing
 + Level 10.8 Armour
 + Level 11.7 Dodging
 + Level 11.6 Stealth
 + Level 10.8 Shields
 + Level 10.8 Unarmed Combat
 + Level 11.9 Spellcasting
 + Level 9.1 Conjurations
 + Level 9.1 Hexes
 + Level 9.1 Summonings
 + Level 9.1 Necromancy
 + Level 9.1 Translocations
 + Level 9.4 Transmutations
 + Level 9.1 Fire Magic
 + Level 9.1 Ice Magic
 + Level 9.1 Air Magic
 + Level 9.1 Earth Magic
 + Level 10.6 Poison Magic
 + Level 11.7 Invocations
 + Level 10.8 Evocations


You had 2 spell levels left.
You knew the following spells:

 Your Spells              Type           Power      Damage    Failure   Level
a - Sting                 Tmut/Pois      100%       1d8       1%          1
b - Poisonous Vapours     Pois/Air       100%       N/A       1%          2
c - Summon Small Mammal   Summ           100%       N/A       1%          1
d - Summon Ice Beast      Ice/Summ       67%        N/A       1%          4
e - Olgreb's Toxic Radia  Pois           72%        N/A       1%          4
f - Frozen Ramparts       Ice            100%       1d12      1%          3
g - Passwall              Tmut/Erth      56%        N/A       1%          2
h - Fulminant Prism       Conj/Hex       33%        3d16      1%          4
i - Fireball              Conj/Fire      33%        3d14      3%          5
j - Orb of Destruction    Conj           33%        9d12      69%         7
y - Swiftness             Air            67%        N/A       1%          3

Your spell library contained the following spells:

 Spells                   Type           Power      Damage    Failure   Level
 Magic Dart               Conj           100%       1d8       1%          1
 Shock                    Conj/Air       100%       1d9       1%          1
 Corpse Rot               Necr/Air       100%       N/A       1%          2
 Ensorcelled Hibernation  Hex/Ice        100%       N/A       1%          2
 Static Discharge         Conj/Air       67%        N/A       1%          2
 Sublimation of Blood     Necr           67%        N/A       1%          2
 Call Canine Familiar     Summ           67%        N/A       1%          3
 Conjure Flame            Conj/Fire      67%        6-21      1%          3
 Dazzling Flash           Conj/Hex       100%       N/A       1%          3
 Gell's Gravitas          Tloc           67%        N/A       1%          3
 Lesser Beckoning         Tloc           67%        N/A       1%          3
 Mephitic Cloud           Conj/Pois/Air  69%        N/A       1%          3
 Summon Guardian Golem    Hex/Summ       67%        N/A       1%          3
 Teleport Other           Tloc           67%        N/A       1%          3
 Tukima's Dance           Hex            67%        N/A       1%          3
 Dispel Undead            Necr           67%        3d23      1%          4
 Flame Wave               Conj/Fire      67%        2d10      1%          4
 Ice Form                 Ice/Tmut       68%        N/A       1%          4
 Petrify                  Tmut/Erth      68%        N/A       1%          4
 Sticky Flame             Conj/Fire      67%        2d8       1%          4
 Agony                    Necr           67%        N/A       3%          5
 Irradiate                Conj/Tmut      34%        3d24      3%          5
 Iskenderun's Battlesphe  Conj           67%        2d12      3%          5
 Silence                  Hex/Air        33%        N/A       3%          5
 Death Channel            Necr           33%        N/A       19%         6
 Iron Shot                Conj/Erth      33%        9d7       19%         6
 Spellforged Servitor     Conj/Summ      33%        N/A       69%         7
 Chain Lightning          Conj/Air       33%        3d44      100%        9


Dungeon Overview and Level Annotations

Branches:
Dungeon (15/15)            Temple (1/1) D:6            Lair (6/6) D:8
  Swamp (3/4) Lair:3        Snake (0/4) Lair:4        Slime (0/5) Lair:6
    Orc (0/2) D:9          Vaults (0/5) D:14         Depths (0/4) D:15
  Sewer (visited)           IceCv (visited)

Altars:
Ashenzari
Cheibriados
Dithmenos
Elyvilon
Fedhas
Gozag
Hepliaklqana
Kikubaaqudgha
Makhleb
Nemelex Xobeh
Okawaru
Qazlal
Ru
Sif Muna
Trog
Uskayaw
Vehumet
Wu Jian
Xom
Yredelemnul
Zin
The Shining One
Beogh
Jiyva

Shops:
D:8 :   D:11 !

Annotations:
Lair:4 3 runed translucent doors, Fahoxeolau's ghost, adept MiBe
Swamp:2 Roxanne


Innate Abilities, Weirdness & Mutations

You have very sharp teeth.
Your uncanny sense of smell can sniff out nearby items.
Your experience applies equally to all skills.
Your magical capacity is low. (-10% MP)
You are weak. (Str -2)


Message History

The swamp drake breathes poison at you. The noxious blast misses you.
Okay, then.
You feel yourself speed up.
The alligator is engulfed in noxious fumes.
The alligator bites you but does no damage.
The alligator tail-slaps you.
The shambling mangrove completely misses you.
The swamp drake bites you but does no damage.
The spriggan rider is engulfed in noxious fumes.
The spriggan rider appears confused.
The spriggan rider hits you with a +0 spear!
* * * LOW HITPOINT WARNING * * *
Your will-o-the-wisp gestures.
Your will-o-the-wisp conjures some foxfire!
Your bog body touches the spriggan rider.
Your bog body freezes the spriggan rider!!
You swap places.
The foxfire hits the shambling mangrove but does no damage.
The foxfire hits the spriggan rider!
The spriggan rider is heavily wounded.
The alligator is engulfed in noxious fumes.
The alligator bites your bog body! The alligator tail-slaps your bog body!
The shambling mangrove hits your bog body.
The spriggan rider is engulfed in noxious fumes.
The spriggan rider appears confused.
The spriggan dies!
The swamp drake breathes poison at you.
The noxious blast engulfs the bunyip but does no damage.
The alligator is engulfed in noxious fumes.
Your bog body points at the alligator and mumbles some strange words.
The bolt of cold hits the alligator!
Your will-o-the-wisp blinks!
You enter the shallow water.
Moving in this stuff is going to be slow.
The bunyip claws you!
* * * LOW HITPOINT WARNING * * *
The bunyip claws you!!
You die...
Your body crumbles into a pile of gold.

♣....♣≈....≈♣.≈≈≈≈..♣≈.≈≈≈.♣♣♣♣♣
...§...§≈.≈♣§....≈≈..≈.≈≈≈...♣♣
≈≈.≈♣♣≈≈≈♣♣♣....≈≈≈≈..♣≈≈≈.≈≈≈♣
..♣♣♣♣≈..≈≈♣♣≈.§≈≈≈≈≈.≈♣♣♣♣...♣
.♣♣........♣♣..§○≈≈.≈≈♣♣ ♣♣.♣♣
♣♣♣♣...≈≈≈.≈.>.k○°°≈.♣♣ ♣..♣
♣≈.≈≈≈≈≈§≈fn.○≈≈≈≈♣♣♣ ♣.≈♣♣ ♣
♣♣♣♣≈..<.≈≈§.y○tx≈≈≈≈≈≈♣♣♣♣...♣ ♣
♣≈≈≈≈^.♣♣♣♣.≈.≈≈@.≈≈≈≈≈≈≈≈♣...♣♣♣
♣..≈≈.♣♣≈♣♣.≈..≈♣♣.≈≈≈≈≈≈.♣.≈...♣
..≈≈≈...≈♣♣♣....♣♣♣≈.≈≈≈≈≈≈..≈..♣
≈≈≈≈≈≈...♣ ♣♣.≈♣♣♣♣♣♣≈≈≈.♣♣♣...≈♣
.≈≈≈≈....♣♣♣....≈♣♣♣♣♣..≈..♣..≈♣♣
..≈.........♣≈......♣♣♣≈≈...♣♣♣♣♣
≈≈≈.♣≈≈≈≈≈≈≈....≈..≈♣♣♣....≈≈≈♣♣♣
≈≈≈....≈≈≈≈≈≈.≈....)≈♣♣.≈........
.....≈....≈≈≈..≈.≈.≈♣♣.≈≈≈.≈.≈≈≈.


You could see a shambling mangrove, a bunyip, an alligator (swift, ally target),
a hornet (confused), a swamp drake (catching breath) and a friendly bog body
(summoned).

Vanquished Creatures
  2 azure jellies (IceCv)
  A bunyip (Swamp:2)
  A dire elephant (Lair:6)
  A fire dragon (D:15)
  An ice dragon (D:15)
  A vault guard (D:14)
  4 boulder beetles
  The ghost of Strewth the Fighter, a novice MiBe of Trog (Lair:1)
  2 centaur warriors
  13 hydras
  A catoblepas (Lair:6)
  20 death yaks
  2 two-headed ogres
  An alligator (Swamp:2)
  A deep troll shaman (Lair:6)
  Urug (D:13)
  A tengu warrior (D:13)
  Sonja (D:11)
  A spriggan druid (Swamp:1)
  A goliath frog (Swamp:1)
  2 swamp dragons
  6 bog bodies
  A wizard (D:14)
  4 lindwurms (Lair:6)
  An orc knight (D:14)
  5 deep elf pyromancers
  Pikel (D:6)
  A phantasmal warrior (D:15)
  3 manticores
  2 ugly things (D:14)
  5 cyclopes
  14 elephants
  7 black mambas
  2 ice statues (IceCv)
  5 gargoyles
  8 cane toads
  Psyche (D:8)
  2 efreet (D:14)
  2 rime drakes
  11 komodo dragons
  A tengu conjurer (D:13)
  3 entropy weaver simulacra (IceCv)
  2 trolls
  A wind drake (shapeshifter) (D:14)
  4 polar bears
  4 hornets (Swamp:2)
  7 tyrant leeches
  28 blink frogs
  11 slime creatures (IceCv)
  A centaur simulacrum (D:14)
  2 spriggans (Swamp:2)
  Sigmund (D:6)
  2 shadows
  3 wraiths
  4 wyverns
  3 basilisks
  33 yaks
  Grum (D:9)
  13 vampire mosquitoes
  A steam dragon (D:9)
  10 swamp worms
  Menkaure (D:5)
  2 acid dragons (D:12)
  2 demonic crawler simulacra (IceCv)
  21 water moccasins
  3 swamp drakes (Swamp:1)
  A black bear (shapeshifter) (D:14)
  2 hornet zombies
  12 orc warriors
  4 ugly thing simulacra (IceCv)
  4 black bears
  3 ogres (D:11)
  2 ice beasts
  28 wolves
  13 centaurs
  A phantom (D:6)
  2 kobold brigands
  11 bullfrogs
  A scorpion (D:6)
  4 glowing shapeshifter simulacra (IceCv)
  A water moccasin skeleton (D:6)
  3 killer bees (D:11)
  10 wights
  3 howler monkeys (D:13)
  A centaur zombie (D:6)
  2 hounds
  Crazy Yiuf (D:2)
  9 orc priests
  2 jellies (D:5)
  2 bullfrog skeletons (D:5)
  A centaur skeleton (D:7)
  Terence (D:2)
  3 iguanas
  Natasha (thrice) (D:3)
  17 orc wizards
  2 howler monkey zombies
  A howler monkey skeleton (D:6)
  8 adders
  8 river rats (Sewer)
  An ufetubus (D:6)
  4 worms (D:2)
  5 dart slugs
  57 orcs
  14 ball pythons
  A bat (D:1)
  2 endoplasms
  2 giant cockroaches (D:6)
  9 goblins
  15 hobgoblins
  3 jackals
  7 quokkas
  6 frilled lizards
  23 kobolds
  24 rats
643 creatures vanquished.

Vanquished Creatures (collateral kills)
  Frances (Swamp:2)
  A bunyip (Swamp:2)
  A shambling mangrove (Swamp:2)
  A hydra (Lair:5)
  3 slime creatures (IceCv)
  An elephant (Lair:5)
  A black mamba (Lair:1)
  A blink frog (Lair:6)
  A vampire mosquito (D:12)
  2 swamp worms (Swamp:2)
  2 water moccasins
  2 killer bees (D:11)
17 creatures vanquished.

Vanquished Creatures (others)
  A bloated husk (Swamp:1)
  A spriggan (Swamp:2)
  A swamp worm (Swamp:3)
  A demonic crawler simulacrum (IceCv)
  A glowing shapeshifter simulacrum (IceCv)
  2 bushes (Lair:6)
  2 foxfires (Swamp:2)
  47 fulminant prisms
  42 fungi
  58 plants
  2 withered plants (Lair:1)
158 creatures vanquished.

Grand Total: 818 creatures vanquished

Notes
Turn   | Place    | Note
-------+----------+-------------------------------------------
     0 | D:1      | bearlyready the Gnoll Venom Mage began the quest for the
                  | Orb.
     0 | D:1      | Reached XP level 1. HP: 13/13 MP: 6/6
   210 | D:1      | Reached XP level 2. HP: 7/19 MP: 3/7
   977 | D:1      | Reached XP level 3. HP: 25/25 MP: 9/9
  1034 | D:1      | Reached skill level 5 in Spellcasting
  1562 | D:1      | Reached skill level 1 in Invocations
  1778 | D:2      | Found a sparkling altar of Nemelex Xobeh.
  1932 | D:2      | Reached skill level 1 in Fighting
  1932 | D:2      | Reached skill level 1 in Short Blades
  1932 | D:2      | Reached skill level 1 in Long Blades
  1932 | D:2      | Reached skill level 1 in Axes
  1932 | D:2      | Reached skill level 1 in Maces & Flails
  1932 | D:2      | Reached skill level 1 in Polearms
  1932 | D:2      | Reached skill level 1 in Staves
  1932 | D:2      | Reached skill level 1 in Slings
  1932 | D:2      | Reached skill level 1 in Bows
  1932 | D:2      | Reached skill level 1 in Crossbows
  1932 | D:2      | Reached skill level 1 in Throwing
  1932 | D:2      | Reached skill level 1 in Armour
  1932 | D:2      | Reached skill level 1 in Shields
  1932 | D:2      | Reached skill level 1 in Unarmed Combat
  1932 | D:2      | Reached skill level 1 in Evocations
  1932 | D:2      | Reached XP level 4. HP: 14/32 MP: 8/11
  2463 | D:2      | Found a runed translucent door.
  2464 | D:2      | Noticed Crazy Yiuf
  2523 | D:2      | Noticed Terence
  2529 | D:2      | Killed Terence
  2530 | D:2      | Reached skill level 1 in Conjurations
  2530 | D:2      | Reached skill level 1 in Hexes
  2530 | D:2      | Reached skill level 1 in Summonings
  2530 | D:2      | Reached skill level 1 in Necromancy
  2530 | D:2      | Reached skill level 1 in Translocations
  2530 | D:2      | Reached skill level 1 in Fire Magic
  2530 | D:2      | Reached skill level 1 in Ice Magic
  2530 | D:2      | Reached skill level 1 in Air Magic
  2530 | D:2      | Reached skill level 1 in Earth Magic
  3407 | D:2      | Killed Crazy Yiuf
  3408 | D:2      | Reached XP level 5. HP: 18/37 MP: 8/12
  3716 | D:3      | Noticed Natasha
  3750 | D:3      | Killed Natasha
  4023 | D:3      | Noticed Natasha
  4029 | D:3      | Killed Natasha
  4030 | D:3      | Reached XP level 6. HP: 38/44 MP: 7/13
  4676 | D:3      | Noticed Natasha
  4684 | D:3      | Killed Natasha
  5262 | D:4      | Reached skill level 5 in Dodging
  6130 | D:5      | Entered Level 5 of the Dungeon
  6174 | D:5      | Noticed Menkaure
  6181 | D:5      | Killed Menkaure
  6182 | D:5      | Reached XP level 7. HP: 15/50 MP: 15/15
  6671 | D:5      | Learned a level 2 spell: Poisonous Vapours
  6673 | D:5      | Learned a level 1 spell: Summon Small Mammal
  6731 | D:5      | Found a shadowy altar of Dithmenos.
  7087 | D:5      | Found a shimmering blue altar of Sif Muna.
  7102 | D:5      | Got Sif Muna's Catalogue of Poisonous Feathers
  7138 | D:5      | Reached skill level 5 in Stealth
  7159 | D:5      | Found a bloodstained altar of Trog.
  7296 | D:5      | Reached XP level 8. HP: 42/57 MP: 16/16
  7373 | D:6      | Noticed Sigmund
  7414 | D:6      | Killed Sigmund
  7684 | D:6      | Noticed Pikel
  7711 | D:6      | Killed Pikel
  7712 | D:6      | Reached XP level 9. HP: 47/65 MP: 18/18
  7801 | D:6      | Found a glowing drain.
  7829 | Sewer    | Entered a sewer
  8854 | D:6      | Found a staircase to the Ecumenical Temple.
  8997 | Temple   | Entered the Ecumenical Temple
  9217 | Temple   | Became a worshipper of Gozag Ym Sagoz the Greedy
  9991 | D:7      | Reached skill level 5 in Invocations
 10601 | D:8      | Found Qemmio's Book Boutique.
 10621 | D:8      | Reached XP level 10. HP: 65/69 MP: 20/20
 10729 | D:8      | Noticed a death yak
 10834 | D:8      | Killed a death yak
 10835 | D:8      | Reached skill level 5 in Fighting
 10835 | D:8      | Reached skill level 5 in Short Blades
 10835 | D:8      | Reached skill level 5 in Long Blades
 10835 | D:8      | Reached skill level 5 in Axes
 10835 | D:8      | Reached skill level 5 in Maces & Flails
 10835 | D:8      | Reached skill level 5 in Polearms
 10835 | D:8      | Reached skill level 5 in Staves
 10835 | D:8      | Reached skill level 5 in Slings
 10835 | D:8      | Reached skill level 5 in Bows
 10835 | D:8      | Reached skill level 5 in Crossbows
 10835 | D:8      | Reached skill level 5 in Throwing
 10835 | D:8      | Reached skill level 5 in Armour
 10835 | D:8      | Reached skill level 5 in Shields
 10835 | D:8      | Reached skill level 5 in Unarmed Combat
 10835 | D:8      | Reached skill level 5 in Evocations
 10886 | D:8      | Noticed a gargoyle
 10912 | D:8      | Killed a gargoyle
 10990 | D:8      | Noticed Psyche
 10999 | D:8      | Killed Psyche
 11284 | D:8      | Found a staircase to the Lair.
 11284 | D:8      | Noticed a death yak
 11284 | D:8      | Noticed a death yak
 11285 | D:8      | Noticed a death yak
 11699 | D:9      | Reached skill level 5 in Transmutations
 11738 | D:9      | Found a staircase to the Orcish Mines.
 11967 | D:9      | Noticed Grum
 11993 | D:9      | Killed Grum
 12535 | D:10     | Entered Level 10 of the Dungeon
 12721 | D:10     | Noticed a gargoyle
 12740 | D:10     | Killed a gargoyle
 12741 | D:10     | Noticed a two-headed ogre
 12755 | D:10     | Killed a two-headed ogre
 12756 | D:10     | Reached XP level 11. HP: 78/81 MP: 22/22
 12885 | D:10     | Reached skill level 5 in Conjurations
 12885 | D:10     | Reached skill level 5 in Hexes
 12885 | D:10     | Reached skill level 5 in Summonings
 12885 | D:10     | Reached skill level 5 in Necromancy
 12885 | D:10     | Reached skill level 5 in Translocations
 12885 | D:10     | Reached skill level 5 in Fire Magic
 12885 | D:10     | Reached skill level 5 in Ice Magic
 12885 | D:10     | Reached skill level 5 in Air Magic
 12885 | D:10     | Reached skill level 5 in Earth Magic
 13362 | D:10     | Identified a scroll of acquirement
 13362 | D:10     | Acquired 1294 gold pieces
 13997 | D:11     | Noticed Sonja
 14312 | D:11     | Noticed a cyclops
 14368 | D:11     | Identified the +1 pair of boots of Dogma {Will+ Str+4
                  | Slay+4}
 14372 | D:11     | Found Hyhes's Distillery.
 14405 | D:11     | Bought a potion of heal wounds for 65 gold pieces
 14405 | D:11     | Bought a potion of heal wounds for 65 gold pieces
 14405 | D:11     | Bought a potion of curing for 39 gold pieces
 14405 | D:11     | Bought a potion of curing for 39 gold pieces
 14405 | D:11     | Bought a potion of heal wounds for 65 gold pieces
 14554 | D:11     | Killed a cyclops
 14690 | D:11     | Noticed a four-headed hydra
 14708 | D:12     | Noticed a manticore
 14723 | D:12     | Killed a manticore
 14833 | D:12     | Noticed a boulder beetle
 14839 | D:12     | Learned a level 3 spell: Swiftness
 14844 | D:12     | Learned a level 4 spell: Olgreb's Toxic Radiance
 14848 | D:12     | Learned a level 3 spell: Frozen Ramparts
 14851 | D:12     | Learned a level 2 spell: Passwall
 14867 | D:12     | Killed a boulder beetle
 15240 | D:12     | Noticed a deep elf pyromancer
 15253 | D:12     | Killed a deep elf pyromancer
 15516 | D:12     | Reached XP level 12. HP: 77/89 MP: 12/24
 15611 | D:12     | Learned a level 4 spell: Summon Ice Beast
 15859 | D:13     | Noticed a five-headed hydra
 15861 | D:13     | Noticed Urug
 15954 | D:13     | Acquired Gich's Reference Book on Conjuration and
                  | Execration
 15961 | D:13     | Learned a level 4 spell: Fulminant Prism
 15978 | D:13     | Killed a five-headed hydra
 16109 | D:13     | Killed Urug
 16265 | D:13     | Noticed a centaur warrior
 16577 | D:13     | Noticed a tengu warrior
 16587 | D:13     | Killed a tengu warrior
 16594 | D:13     | Killed a centaur warrior
 17435 | D:11     | Killed Sonja
 17533 | D:11     | Identified the +1 pair of boots of the Sun {Dex+4 Slay+2
                  | Stlth+}
 17561 | D:11     | Noticed a two-headed ogre
 17582 | D:11     | Killed a two-headed ogre
 17934 | D:11     | Killed a four-headed hydra
 18211 | D:8      | Noticed a death yak
 18223 | D:8      | Killed a death yak
 18223 | D:8      | Killed a death yak
 18229 | D:8      | Killed a death yak
 18464 | Lair:1   | Entered Level 1 of the Lair of Beasts
 18478 | Lair:1   | Reached XP level 13. HP: 94/98 MP: 15/26
 19147 | Lair:1   | Found a runed translucent door.
 19159 | Lair:1   | You fall into a shaft and drop 1 floor!
 20667 | Lair:1   | Noticed Strewth's ghost (novice MiBe)
 21057 | Lair:3   | Found a staircase to the Swamp.
 21237 | Lair:3   | Identified the ring of Xom's Malicious Joy {Will+ Str+4}
 21801 | Lair:3   | Reached skill level 10 in Spellcasting
 21975 | Lair:3   | Acquired a +2 eveningstar of protection
 22528 | Lair:4   | Found a runed translucent gate.
 22528 | Lair:4   | Found a runed translucent gate.
 22529 | Lair:4   | Found a runed translucent gate.
 22782 | Lair:4   | Found a staircase to the Snake Pit.
 23252 | Lair:4   | Noticed a minotaur
 23259 | Lair:4   | Noticed Fahoxeolau's ghost (adept MiBe)
 23356 | Lair:4   | Found a hide-covered altar of Uskayaw.
 23552 | Lair:4   | Reached skill level 10 in Dodging
 23552 | Lair:4   | Reached XP level 14. HP: 85/106 MP: 20/28
 24085 | Lair:5   | Reached skill level 10 in Stealth
 24828 | Lair:5   | Reached skill level 10 in Invocations
 25208 | Lair:6   | Entered Level 6 of the Lair of Beasts
 25343 | Lair:6   | Found a frozen archway.
 25372 | IceCv    | Entered an ice cave
 25452 | IceCv    | Learned a level 5 spell: Fireball
 26456 | IceCv    | Noticed an azure jelly
 26466 | IceCv    | Killed an azure jelly
 26777 | IceCv    | Found a viscous altar of Jiyva.
 26777 | IceCv    | Noticed an azure jelly
 26783 | IceCv    | Killed an azure jelly
 27254 | Lair:6   | Reached XP level 15. HP: 42/115 MP: 11/29
 27562 | Lair:6   | Reached skill level 10 in Poison Magic
 28078 | Lair:6   | Found a viscous altar of Jiyva.
 28078 | Lair:6   | Found a staircase to the Slime Pits.
 28252 | Lair:6   | Reached skill level 10 in Fighting
 28252 | Lair:6   | Reached skill level 10 in Short Blades
 28252 | Lair:6   | Reached skill level 10 in Long Blades
 28252 | Lair:6   | Reached skill level 10 in Axes
 28252 | Lair:6   | Reached skill level 10 in Maces & Flails
 28252 | Lair:6   | Reached skill level 10 in Polearms
 28252 | Lair:6   | Reached skill level 10 in Staves
 28252 | Lair:6   | Reached skill level 10 in Slings
 28252 | Lair:6   | Reached skill level 10 in Bows
 28252 | Lair:6   | Reached skill level 10 in Crossbows
 28252 | Lair:6   | Reached skill level 10 in Throwing
 28252 | Lair:6   | Reached skill level 10 in Armour
 28252 | Lair:6   | Reached skill level 10 in Shields
 28252 | Lair:6   | Reached skill level 10 in Unarmed Combat
 28252 | Lair:6   | Reached skill level 10 in Evocations
 28937 | Lair:1   | Killed Strewth's ghost
 29276 | D:14     | Found a portal to a secret trove of treasure.
 29824 | D:14     | You paid a toll of +3 ice dragon scales to enter a treasure
                  | trove
 29825 | Trove    | Entered a treasure trove
 29831 | Trove    | Identified the ring of Iroywkac {Ice rPois Int+6}
 29835 | Trove    | Identified the ring of the Serpent {rN+ Int+6 Stlth+}
 29839 | Trove    | Identified the ring "Veuxieh" {rPois rN+ Str+2 Int+4
                  | Stlth+}
 29845 | Trove    | Identified the ring of Perfectionism {rPois Int+7 Slay-2
                  | SInv}
 29851 | Trove    | Identified the ring of Past Mistakes {Fly rPois rC+ Dex-3
                  | Stlth+}
 29853 | Trove    | Identified the amulet "Beonoabod" {Spirit Harm rElec Dex+4}
 30273 | D:14     | Identified the +6 halberd of Qoptitai {pain, MP+9 Str+3
                  | SInv}
 30621 | D:14     | Found a gate to the Vaults.
 31119 | D:15     | Entered Level 15 of the Dungeon
 31501 | D:15     | Found a broken altar of Ashenzari.
 32800 | D:15     | Found a staircase to the Depths.
 33081 | Swamp:1  | Entered Level 1 of the Swamp
 33290 | Swamp:1  | Reached XP level 16. HP: 97/123 MP: 13/31
 35101 | Swamp:2  | Identified Roxanne's Disquisition on Stones
 35101 | Swamp:2  | Noticed Roxanne
 35164 | Swamp:2  | Noticed Frances
 35168 | Swamp:2  | Gained mutation: You are weak. (Str -2) [a neqoxec]
 35171 | Swamp:2  | Gained mutation: Your magical capacity is low. (-10% MP) [a
                  | neqoxec]
 35181 | Swamp:2  | Killed Frances
 35927 | Swamp:2  | You fall into a shaft and drop 1 floor!
 36255 | Swamp:3  | Identified the +0 chain mail of Tikk {rElec Regen+ Int+8
                  | Dex-2}
 36419 | Swamp:2  | Learned a level 7 spell: Orb of Destruction
 36536 | Swamp:3  | Noticed a fenstrider witch
 36542 | Swamp:2  | Slain by a bunyip

Illustrated notes

Levels and vault maps discovered:
D:1:      heliophobic_arrival_battle_scene, layout_basic, minmay_tetromino_i4
D:2:      layout_loops_ring, basic_altar, chequers_serial_rivers_large_a,
          uniq_terence, uniq_crazy_yiuf_cottage
D:3:      layout_basic, uniq_natasha
D:4:      wander_river, layout_gridville
D:5:      layout_basic, nzn_overflow_gifts_of_might_and_magic,
          amcnicky_altar_gilded, uniq_menkaure
D:6:      layout_basic, minmay_temple_entry_overgrown, portal_sewer_entry_c,
          uniq_sigmund, uniq_pikel
D:7:      layout_rooms
D:8:      layout_basic, dpeg_lair_monsters, serial_shops, shop, uniq_psyche
D:9:      layout_basic, david_orc_2, uniq_grum
D:10:     layout_loops_corners
D:11:     layout_cave_pools, special_room [special_room_orc], serial_shops,
          nicolae_shop_window_shopping, uniq_sonja
D:12:     layout_cross, feat_on_display
D:13:     layout_basic, glass_columns_a, uniq_urug
D:14:     layout_basic, david_vaults_5, enter_trove_2, hangedman_decor_push
D:15:     grunt_enter_depths_hoard, layout_loops_corners,
          hangedman_decor_lopped, grunt_decor_junction,
          nicolae_ashenzari_panopticon
Temple:   mainiacjoe_temple_bowtie_tessellation
Lair:1:   layout_cave_pods, gammafunk_ghost_grave, infiniplex_staircase_pool_2,
          serial_bayou_shore_b
Lair:2:   layout_gridlike, infiniplex_staircase_pool
Lair:3:   layout_cellular_growth, skrybe_swamp_entry_bodies
Lair:4:   layout_concentric_octagons, minmay_snake_entry_six_corridors,
          maelrawn_ghost_gauntlet_escape, lemuel_centaur_altar
Lair:5:   layout_gridlike
Lair:6:   grunt_lair_end_beastmaster, layout_loops_ring,
          dpeg_slime_entry_enclosed_altar, portal_ice_cave_entry_pillars_2,
          minmay_lindwurm_lava
Swamp:1:  layout_falls_marsh, evilmike_swamp_ruin_rubble_1, swamp_pool5,
          hangedman_swamp_wriggling
Swamp:2:  layout_basic_swamp, nicolae_swamp_feature_on_the_river_bank,
          uniq_roxanne, uniq_frances
Swamp:3:  layout_falls_marsh, ebering_ghost_rock_garden, basic_altar

Skill      XL: |  1  2  3  4  5  6  7  8  9 10 11 12 13 14 15 16 |
---------------+-------------------------------------------------+-----
Transmutations | 2 3 4 5 6 7 8 9 |  9.4
Spellcasting   | 5 6 7 8 9 10 11 | 11.9
Invocations    | 1 2 3 4 5 6 7 8 9 10 11 | 11.7
Fighting       | 1 2 3 4 5 6 7 8 9 10 | 10.8
Short Blades   | 1 2 3 4 5 6 7 8 9 10 | 10.8
Long Blades    | 1 2 3 4 5 6 7 8 9 10 | 10.8
Axes           | 1 2 3 4 5 6 7 8 9 10 | 10.8
Maces & Flails | 1 2 3 4 5 6 7 8 9 10 | 10.8
Polearms       | 1 2 3 4 5 6 7 8 9 10 | 10.8
Staves         | 1 2 3 4 5 6 7 8 9 10 | 10.8
Slings         | 1 2 3 4 5 6 7 8 9 10 | 10.8
Bows           | 1 2 3 4 5 6 7 8 9 10 | 10.8
Crossbows      | 1 2 3 4 5 6 7 8 9 10 | 10.8
Throwing       | 1 2 3 4 5 6 7 8 9 10 | 10.8
Armour         | 1 2 3 4 5 6 7 8 9 10 | 10.8
Shields        | 1 2 3 4 5 6 7 8 9 10 | 10.8
Unarmed Combat | 1 2 3 4 5 6 7 8 9 10 | 10.8
Evocations     | 1 2 3 4 5 6 7 8 9 10 | 10.8
Conjurations   | 1 2 3 4 5 6 7 8 9 |  9.1
Hexes          | 1 2 3 4 5 6 7 8 9 |  9.1
Summonings     | 1 2 3 4 5 6 7 8 9 |  9.1
Necromancy     | 1 2 3 4 5 6 7 8 9 |  9.1
Translocations | 1 2 3 4 5 6 7 8 9 |  9.1
Fire Magic     | 1 2 3 4 5 6 7 8 9 |  9.1
Ice Magic      | 1 2 3 4 5 6 7 8 9 |  9.1
Air Magic      | 1 2 3 4 5 6 7 8 9 |  9.1
Earth Magic    | 1 2 3 4 5 6 7 8 9 |  9.1
Dodging        | 5 6 7 8 9 10 11 | 11.7
Stealth        | 5 6 7 8 9 10 11 | 11.6
Poison Magic   | 6 7 8 9 10 | 10.6

Action                   |  1- 3 |  4- 6 |  7- 9 | 10-12 | 13-15 | 16-18 || total
-------------------------+-------+-------+-------+-------+-------+-------++-------
Melee: Spear             |    67 |   129 |   543 |   547 |   417 |       ||  1703
       Bite              |     3 |    12 |    67 |    45 |   123 |    21 ||   271
       Unarmed           |     1 |       |       |       |       |       ||     1
       Short sword       |       |     5 |   124 |     6 |       |       ||   135
       Punch             |       |       |    18 |    11 |    42 |     3 ||    74
       Mace              |       |       |       |    17 |       |       ||    17
       Long sword        |       |       |       |       |     7 |       ||     7
       Eveningstar       |       |       |       |       |   381 |   104 ||   485
Throw: Throwing net      |       |     1 |     2 |     5 |       |       ||     8
       Boomerang         |       |       |     5 |       |       |     5 ||    10
       Dart              |       |       |     6 |     9 |    39 |     4 ||    58
       Stone             |       |       |       |     1 |       |       ||     1
 Cast: Sting             |    39 |    79 |    35 |    69 |       |       ||   222
       Summon Small Mamm |       |       |    24 |    26 |     8 |     1 ||    59
       Poisonous Vapours |       |       |    11 |   118 |     3 |       ||   132
       Frozen Ramparts   |       |       |       |    14 |    60 |     1 ||    75
       Olgreb's Toxic Ra |       |       |       |    24 |   115 |    14 ||   153
       Swiftness         |       |       |       |     2 |       |     1 ||     3
       Fulminant Prism   |       |       |       |    19 |    28 |       ||    47
       Summon Ice Beast  |       |       |       |     4 |    21 |     8 ||    33
       Fireball          |       |       |       |       |    28 |     6 ||    34
Evoke: Wand              |       |       |     7 |    16 |    12 |    11 ||    46
       Tin of tremorston |       |       |       |       |     1 |     1 ||     2
  Use: Scroll            |       |       |    13 |    11 |    18 |     8 ||    50
       Potion            |       |       |       |     1 |     7 |     5 ||    13
 Stab: Sleeping          |     4 |     5 |    13 |     3 |     9 |     2 ||    36
       Held in net/web   |       |     1 |     1 |     2 |       |       ||     4
       Paralysed         |       |       |       |    35 |       |       ||    35
       Distracted        |       |       |       |     5 |    10 |     2 ||    17
       Petrified         |       |       |       |       |     9 |       ||     9
       Petrifying        |       |       |       |       |     2 |       ||     2
Armor: Robe              |    14 |    14 |       |       |       |       ||    28
       Ring mail         |       |     6 |   274 |    26 |   241 |    67 ||   614
       Leather armour    |       |       |       |   205 |   118 |       ||   323
Dodge: Dodged            |    64 |    87 |   433 |   421 |   550 |   124 ||  1679

Table legend: (Time is in decaauts)
 A = Elapsed time spent in this place.
 B = Non-inter-level travel time spent in this place.
 C = Inter-level travel time spent in this place.
 D = Time resting spent in this place.
 E = Time spent auto-exploring this place.
 F = Levels seen in this place.
 G = Mean time per level.
                   A        B        C        D        E       F      G
               +--------+--------+--------+--------+--------+-----+--------+
         Total |  36481 |  34435 |   2046 |   3573 |  23299 |  28 | 1302.9 |
       Dungeon |  21565 |  20226 |   1339 |   1911 |  13757 |  15 | 1437.7 |
        Temple |    248 |    204 |     44 |      0 |    187 |   1 |  248.0 |
          Lair |   8821 |   8224 |    597 |     88 |   6509 |   6 | 1470.2 |
         Swamp |   3572 |   3507 |     65 |   1250 |   1757 |   3 | 1190.7 |
         Trove |     46 |     46 |      0 |      0 |      4 |   1 |   46.0 |
         Sewer |    611 |    611 |      0 |      0 |    323 |   1 |  611.0 |
      Ice Cave |   1615 |   1615 |      0 |    323 |    761 |   1 | 1615.0 |
               +--------+--------+--------+--------+--------+-----+--------+

Top non-repeatable levels by time:
 Swamp:2: 2098 daAuts
  Lair:6: 2007 daAuts
     D:1: 1886 daAuts
    D:15: 1793 daAuts
    D:10: 1772 daAuts
     D:2: 1767 daAuts
   IceCv: 1615 daAuts
    D:14: 1583 daAuts
     D:8: 1485 daAuts
  Lair:3: 1455 daAuts
 Swamp:1: 1453 daAuts
  Lair:5: 1445 daAuts
  Lair:4: 1397 daAuts
     D:9: 1369 daAuts
     D:6: 1368 daAuts
